 Dungeon Crawl Stone Soup version 0.31-a0-1338-gb567cfdca4 (webtiles) character file.

Game seed: 9330409268429581017

74 gelatine the Firebug (level 4, -1/32 HPs)
             Began as a Demonspawn Wanderer on Dec 23, 2023.
             Succumbed to Crazy Yiuf's poison
             ... on level 2 of the Dungeon.
             The game lasted 00:04:27 (2547 turns).

gelatine the Firebug (Demonspawn Wanderer)          Turns: 2547, Time: 00:04:28

Health: -1/32      AC: 10    Str: 10    XL:     4   Next: 9%
Magic:  5/6        EV: 10    Int: 22    God:
Gold:   18         SH:  9    Dex: 13    Spells: 4/5 levels left

rFire   . . .        a - +0 dagger
rCold   . . .        b - +0 buckler
rNeg    . . .        i - +1 robe {Will+}
rPois   .            (no helmet)
rElec   .            (no cloak)
rCorr   .            (no gloves)
SInv    .            (no boots)
Will    +....        g - amulet of reflection
Stlth   ++           j - +4 ring of protection
HPRegen 0.25/turn    q - +6 ring of intelligence
MPRegen 0.10/turn

%: reflection
@: lethally poisoned (-1 -> -9)
A: slimy green scales 2, spiny 1
a: no special abilities


You were on level 2 of the Dungeon.
You visited 1 branch of the dungeon, and saw 2 of its levels.

You collected 18 gold pieces.

Inventory:

Hand Weapons
 a - a +0 dagger (weapon)
 h - a +0 long sword
Armour
 b - a +0 buckler (worn)
 d - a +0 robe
 f - a +2 leather armour of positive energy
 i - a +1 robe of willpower (worn)
Jewellery
 g - an amulet of reflection (around neck)
 j - a +4 ring of protection (left hand)
 q - a +6 ring of intelligence (right hand)
Scrolls
 k - 3 scrolls of teleportation {unknown}
 m - 2 scrolls of revelation {unknown}
 o - a scroll of amnesia {unknown}
 p - a scroll of identify {unknown}
Potions
 c - 3 potions of curing
 e - 2 potions of lignification
 l - a potion of degeneration {unknown}
 n - a potion of might {unknown}
 r - a potion of mutation {unknown}
 s - a potion of heal wounds {unknown}


   Skills:
 * Level 1.2 Fighting
 * Level 0.6 Short Blades
 * Level 0.2 Armour
 * Level 0.3 Dodging
 * Level 1.1 Stealth
 * Level 2.0 Shields
 * Level 1.4 Spellcasting
 * Level 0.8 Conjurations
 * Level 3.4 Fire Magic
 * Level 1.7 Invocations
 * Level 1.4 Evocations


You had 4 spell levels left.
You knew the following spells:

 Your Spells              Type           Power      Damage    Failure   Level
a - Foxfire               Conj/Fire      40%        2x1d6     9%          1

Your spell library contained the following spells:

 Spells                   Type           Power      Damage    Failure   Level
 Sting                    Conj/Alch      12%        1d3       19%         1
 Apportation              Tloc           2%         N/A       22%         1
 Necrotise                Necr           4%         1d4       22%         1
 Summon Small Mammal      Summ           4%         N/A       22%         1
 Flame Wave               Conj/Fire      10%        2d6       65%         4
 Sticky Flame             Fire/Alch      9%         2d5       71%         4


Dungeon Overview and Level Annotations

Branches:
Dungeon (2/15)

Altars:

Annotations:
D:2 Crazy Yiuf


Innate Abilities, Weirdness & Mutations

You are mostly covered in slimy green scales. (AC +3)
You are partially covered in sharp spines.


Message History

You are very lightly contaminated with residual magic.
Nothing appears to happen.
You closely miss Crazy Yiuf.
Crazy Yiuf is moderately wounded.
Crazy Yiuf says, "You mobile snail!"
You block Crazy Yiuf's attack.
You hit Crazy Yiuf.
Crazy Yiuf is moderately wounded.
Crazy Yiuf closely misses you.
You hit Crazy Yiuf.
Crazy Yiuf is heavily wounded.
Crazy Yiuf says, "Gnoll!"
Crazy Yiuf hits you but does no damage.
You closely miss Crazy Yiuf.
Crazy Yiuf is heavily wounded.
Crazy Yiuf is struck by your spines. Crazy Yiuf hits you but does no damage.
You hit Crazy Yiuf.
Crazy Yiuf is heavily wounded.
You block Crazy Yiuf's attack.
You hit Crazy Yiuf.
Crazy Yiuf is severely wounded.
Crazy Yiuf is struck by your spines.
Crazy Yiuf hits you with a +4 quarterstaff of chaos!
Crazy Yiuf draws strength from your wounds!
Your magical contamination has completely faded away.
You closely miss Crazy Yiuf.
Crazy Yiuf is severely wounded.
Crazy Yiuf is struck by your spines.
Crazy Yiuf hits you with a +4 quarterstaff of chaos!
Ouch! That really hurt!
* * * LOW HITPOINT WARNING * * *
You are lethally poisoned!
Crazy Yiuf is struck by your spines.
Crazy Yiuf hits you with a +4 quarterstaff of chaos.
* * * LOW HITPOINT WARNING * * *
Crazy Yiuf freezes you.
* * * LOW HITPOINT WARNING * * *
You barely miss Crazy Yiuf.
Crazy Yiuf is almost dead.
You die...

#.###.###.###.# #.#
#..# #...)...).....#
#.# #.##
#########.##### #'#
#.# ### ### #.# ###
##.# ###.## ##.÷#
#####....# ###
♣♣###...##
.........# #)..#♣♣
♣♣........#
#####....#
#...g@♣♣♣♣........##
#.#.##
#...#♣..♣.........#
#.### ###
♣♣♣.♣....#.### #.#
♣♣♣♣♣##.## #.# ###
#.# ### ### #.#
#####.## #.# #.#
#......# #.# #.#
#.##...## #.#


You could see Crazy Yiuf.

Vanquished Creatures
  Natasha (D:2)
  An adder (D:2)
  A dart slug (D:1)
  2 endoplasms
  3 giant cockroaches
  A goblin (D:1)
  4 hobgoblins
  3 jackals (D:1)
  3 kobolds
  6 ball pythons (D:1)
  5 bats
  3 frilled lizards
  2 rats (D:1)
35 creatures vanquished.

Vanquished Creatures (others)
  105 foxfires
105 creatures vanquished.

Grand Total: 140 creatures vanquished

Notes
Turn   | Place    | Note
-------+----------+-------------------------------------------
     0 | D:1      | gelatine the Demonspawn Wanderer began the quest for the
                  | Orb.
     0 | D:1      | gelatine set off with the following items: a +0 dagger, a
                  | +0 buckler, a potion of curing, a +0 robe, a potion of
                  | lignification; and the following spell memorised: Foxfire;
                  | and the following spells available to memorise: Flame Wave,
                  | Sticky Flame.
     0 | D:1      | Reached XP level 1. HP: 15/15 MP: 2/2
   126 | D:1      | Reached skill level 3 in Fire Magic
   233 | D:1      | Gained mutation: You are partially covered in sharp spines.
                  | [demonic ancestry]
   233 | D:1      | Reached XP level 2. HP: 20/21 MP: 1/3
   969 | D:1      | Gained mutation: You are partially covered in slimy green
                  | scales. (AC +2) [demonic ancestry]
   969 | D:1      | Reached XP level 3. HP: 26/26 MP: 0/4
  2208 | D:2      | Noticed Natasha
  2223 | D:2      | Killed Natasha
  2224 | D:2      | Gained mutation: You are mostly covered in slimy green
                  | scales. (AC +3) [demonic ancestry]
  2224 | D:2      | Reached XP level 4. HP: 22/32 MP: 1/6
  2286 | D:2      | Found a runed translucent door.
  2287 | D:2      | Noticed Crazy Yiuf
  2547 | D:2      | Succumbed to Crazy Yiuf's poison

Illustrated notes

Levels and vault maps discovered:
D:1:      scummos_arrival_forest, layout_basic
D:2:      layout_loops_corners, uniq_natasha, uniq_crazy_yiuf_cottage

Skill      XL: |  1  2  3 |
---------------+----------+-----
Fire Magic     | 3 |  3.4
Shields        | 2 |  2.0
Fighting       | |  1.2
Short Blades   | |  0.6
Armour         | |  0.2
Dodging        | |  0.3
Stealth        | |  1.1
Spellcasting   | |  1.4
Conjurations   | |  0.8
Invocations    | |  1.7
Evocations     | |  1.4

Action                     |  1- 3 |  4- 6 || total
---------------------------+-------+-------++-------
  Melee: Dagger            |    31 |     8 ||    39
   Cast: Foxfire           |    67 |     1 ||    68
   Stab: Sleeping          |     1 |       ||     1
 Armour: Robe              |    18 |     5 ||    23
         Leather armour    |     3 |       ||     3
  Dodge: Dodged            |    13 |     1 ||    14
  Block: Buckler           |    21 |     2 ||    23

Table legend: (Time is in decaauts)
 A = Elapsed time spent in this place.
 B = Non-inter-level travel time spent in this place.
 C = Inter-level travel time spent in this place.
 D = Time resting spent in this place.
 E = Time spent auto-exploring this place.
 F = Levels seen in this place.
 G = Mean time per level.
                   A        B        C        D        E       F      G
               +--------+--------+--------+--------+--------+-----+--------+
         Total |   2547 |   2523 |     24 |      0 |   2207 |   2 | 1273.5 |
       Dungeon |   2547 |   2523 |     24 |      0 |   2207 |   2 | 1273.5 |
               +--------+--------+--------+--------+--------+-----+--------+

Top non-repeatable levels by time:
     D:1: 1285 daAuts
     D:2: 1261 daAuts
